 Dungeon Crawl Stone Soup version 0.18.1-50-g88ac8fd (webtiles) character file.

210 Korbac the Covered (level 6, -2/47 HPs)
             Began as a Human Wanderer on Oct 18, 2016.
             Slain by an adder (3 damage)
             ... on level 3 of the Dungeon on Oct 26, 2016.
             The game lasted 00:12:06 (2247 turns).

Korbac the Covered (Human Wanderer)                 Turns: 2247, Time: 00:12:07

Health: -2/47      AC:  6    Str: 12    XL:     6   Next: 12%
Magic:  6/6        EV: 11    Int: 10    God:
Gold:   69         SH:  0    Dex: 17    Spells: 0 memorised, 5 levels left

rFire  x . .     SeeInvis .     e - +0 short sword
rCold  + . .     Gourm    .     c - +0 ring mail
rNeg   . . .     Faith    .     (no shield)
rPois  .         Spirit   .     (no helmet)
rElec  .         Dismiss  .     (no cloak)
rCorr  .         Reflect  .     m - +0 pair of gloves
SustAt .         Harm     .     (no boots)
MR     .....                    (no amulet)
Stlth  +.........               (no ring)
                                h - ring of ice

@: lethally poisoned (-2 -> -3), not resistant to hostile enchantments, very
unstealthy
A: no striking features
a: no special abilities


You were on level 3 of the Dungeon.
You were hungry.

You visited 1 branch of the dungeon, and saw 3 of its levels.

You collected 69 gold pieces.

Inventory:

Hand Weapons
 a - a +2 dagger
 e - a +0 short sword (weapon)
Armour
 c - a +0 ring mail (worn)
 m - a +0 pair of gloves (worn)
Jewellery
 h - a ring of ice (left hand)
Scrolls
 i - a scroll of enchant weapon {unknown}
 l - a scroll of noise {unknown}
 n - 3 scrolls of identify
 p - a scroll of remove curse
Comestibles
 f - a meat ration
 j - a beef jerky
 o - 3 bread rations


   Skills:
 * Level 3.4 Fighting
 * Level 2.3 Short Blades
   Level 2.0 Maces & Flails
   Level 2.0 Bows
 * Level 3.6 Armour
 + Level 2.0 Dodging
 - Level 1.0 Stealth
   Level 1.0 Evocations


You had 5 spell levels left.
You didn't know any spells.

Dungeon Overview and Level Annotations

Branches:
Dungeon (3/15)

Altars:


Message History

You feel sick. The adder bites you but does no damage.
Unknown command.
You barely miss the adder.
The adder is moderately wounded.
You are feeling hungry.
The adder closely misses you.
You miss the adder.
The adder is moderately wounded.
The adder barely misses you.
You closely miss the adder.
The adder is moderately wounded.
The adder barely misses you. The adder bites you but does no damage.
You hit the adder.
The adder is severely wounded.
* * * LOW HITPOINT WARNING * * *
You feel sick. The adder bites you but does no damage.
You closely miss the adder.
The adder is severely wounded.
The adder bites you.
You die...

#....###)..............##.#
......†......######....# .#
.$...††......#.........##
.###########............#
.# ..#.#.....####...# .#
.#.#.....#...$..# .#
#.....#.#.#.#......#. .#
#...#.#.#.#.#.......... .#
#...#.#'#.#@#S.....#.## .#
# #...#......S#......#.#
.#.#.#...#............$.# #
[......#......#######...
##.....#.......... ...#
..............#### .##
.#####.#......# ...#......#
#######......#


You could see an adder.

Vanquished Creatures
  Sigmund (D:3)
  3 worms
  2 giant geckos
  7 giant cockroaches
  5 hobgoblins
  10 jackals
  7 bats
  2 giant newts
  3 goblins (D:1)
  6 kobolds
  2 rats
48 creatures vanquished.

Notes
Turn   | Place    | Note
--------------------------------------------------------------
     0 | D:1      | Korbac the Human Wanderer began the quest for the Orb.
     0 | D:1      | Korbac set off with: a +2 dagger, a potion of haste, a +0 ring mail, a scroll of teleportation, a bread ration
     0 | D:1      | Reached XP level 1. HP: 16/16 MP: 1/1
   124 | D:1      | Reached XP level 2. HP: 19/22 MP: 2/2
   688 | D:1      | Reached XP level 3. HP: 28/28 MP: 3/3
  1214 | D:2      | Reached skill level 1 in Dodging
  1224 | D:2      | Reached skill level 1 in Short Blades
  1313 | D:2      | Reached XP level 4. HP: 35/35 MP: 4/4
  1919 | D:3      | Noticed Sigmund
  1938 | D:3      | Killed Sigmund
  1938 | D:3      | Reached XP level 5. HP: 27/41 MP: 5/5
  1938 | D:3      | Reached XP level 6. HP: 31/47 MP: 6/6
  2230 | D:3      | HP: 2/47 [poisoned by an adder]
  2241 | D:3      | HP: 2/47 [adder (1)]
  2246 | D:3      | HP: 1/47 [poisoned by an adder]
  2247 | D:3      | Slain by an adder

Skill      XL: |  1  2  3  4 |
---------------+-------------+-----
Dodging        | 1 2 |  2.0
Short Blades   | 1 2 |  2.3
Fighting       | 3 |  3.4
Armour         | 3 |  3.6
Maces & Flails | |  2.0
Bows           | |  2.0
Stealth        | |  1.0
Evocations     | |  1.0

Action                   |  1- 3 |  4- 6 || total
-------------------------+-------+-------++-------
Melee: Short sword       |   157 |   107 ||   264
       Dagger            |     3 |       ||     3
  Use: Potion            |     1 |     2 ||     3
       Scroll            |     2 |     3 ||     5
  Eat: Bread ration      |     1 |       ||     1
Armor: Ring mail         |    71 |    32 ||   103
Dodge: Dodged            |    89 |    51 ||   140
